 Dungeon Crawl Stone Soup version 0.32-a0-675-gdc239d62e1 (webtiles) character file.

Game seed: 899741160251334412

701 Zeldest the Chopper (level 7, -1/55 HPs)
             Began as a Coglin Monk on Mar 12, 2024.
             Slain by an orc wizard
             ... wielding a +2 dagger of venom
              (2 damage)
             ... on level 5 of the Dungeon.
             The game lasted 00:04:48 (4198 turns).

Zeldest the Chopper (Coglin Monk)                   Turns: 4198, Time: 00:04:49

Health: -1/55      AC:  4    Str: 13    XL:     7   Next: 66%
Magic:  7/7        EV: 13    Int: 10    God:
Gold:   296        SH:  0    Dex: 16    Spells: 6/6 levels left

rFire   . . .        t - +0 war axe {Qing}
rCold   . . .        s - +2 flail (protect) {Thatsani}
rNeg    . . .        b - +0 robe
rPois   .            n - +2 hat
rElec   .            (no cloak)
rCorr   .            (no gloves)
SInv    .            (no boots)
Will    +....        (amulet unavailable)
Stlth   +            (ring unavailable)
HPRegen 0.29/turn    (ring unavailable)
MPRegen 0.10/turn    (no gizmo)

%: no passive effects
@: confused, lethally poisoned (-1 -> -18), ambrosia-drunk, enlightened, flying,
revving
A: off-hand wielding, slow wielding, warmup strikes, no jewellery
a: Invent Gizmo


You were on level 5 of the Dungeon.
You visited 2 branches of the dungeon, and saw 6 of its levels.

You collected 296 gold pieces.

Inventory:

Hand Weapons
 g - a +0 whip of venom {Bonhwa}
 s - a +2 flail of protection (offhand) {Thatsani}
 t - a +0 war axe (weapon) {Qing}
Armour
 b - a +0 robe (worn)
 d - an orb of light
 n - a +2 hat (worn)
Wands
 l - a wand of roots (3)
 m - a wand of flame (14)
Scrolls
 a - a scroll of vulnerability {unknown}
 f - a scroll of teleportation {unknown}
 o - a scroll of revelation {unknown}
 p - a scroll of poison {unknown}
 q - 2 scrolls of enchant weapon {unknown}
 r - 3 scrolls of identify {unknown}
Potions
 e - a potion of berserk rage {unknown}
 h - a potion of enlightenment
 i - 2 potions of heal wounds {unknown}
 j - a potion of haste {unknown}
 k - a potion of curing {unknown}


   Skills:
 + Level 4.6 Fighting
 * Level 6.0 Axes
 + Level 3.0 Armour
 - Level 3.0 Dodging
 + Level 3.8 Evocations


You had 6 spell levels left.
You didn't know any spells.
Your spell library contained the following spells:

 Spells                   Type           Power      Damage    Failure   Level
 Ensorcelled Hibernation  Hex/Ice        0%         N/A       50%         2
 Passwall                 Erth           0%         N/A       75%         3
 Swiftness                Air            0%         N/A       75%         3
 Tukima's Dance           Hex            0%         N/A       75%         3
 Passage of Golubria      Tloc           0%         N/A       98%         4
 Summon Forest            Summ/Tloc      0%         N/A       100%        5
 Yara's Violent Unravell  Hex/Alch       0%         3d3       100%        5
 Eringya's Noxious Bog    Alch           0%         4d6       100%        6
 Summon Hydra             Summ           0%         N/A       100%        7


Dungeon Overview and Level Annotations

Branches:
Dungeon (5/15) Zot: 25974  Temple (1/1) D:4 Zot: 5810

Altars:
Ashenzari
Cheibriados
Dithmenos
Elyvilon
Fedhas
Hepliaklqana
Kikubaaqudgha
Makhleb
Nemelex Xobeh
Okawaru
Qazlal
Ru
Sif Muna
Trog
Uskayaw
Vehumet
Wu Jian
Xom
Yredelemnul
Zin
The Shining One

Shops:
D:4 [


Innate Abilities, Weirdness & Mutations

You can wield a second weapon in your off-hand.
It takes a long time for you to wield or remove held weapons.
Your first few attacks do less damage.
You cannot equip rings or amulets.


Message History

You feel very sick.
The orc wizard hits you but does no damage. x2
You are more poisoned.
You barely miss the orc wizard with your +0 war axe.
The orc wizard is almost dead.
You closely miss the orc wizard with your +0 war axe.
You barely miss the orc wizard with your +2 flail of protection.
You feel extremely sick. The orc wizard barely misses you.
The orc wizard misses you.
You are too injured to fight recklessly!
You are too injured to fight recklessly!
You are too injured to fight recklessly!
You completely miss the orc wizard with your +0 war axe.
The orc wizard is almost dead.
You hit the orc wizard but do no damage.
You closely miss the orc wizard with your +2 flail of protection.
You feel very sick. The orc wizard closely misses you.
The orc wizard hits you with a +2 dagger of venom.
You are more poisoned.
The orc wizard hits you with a +2 dagger of venom.
You are lethally poisoned!
The orc wizard points at you and mumbles some strange words.
The puff of flame hits you!
* * * LOW HITPOINT WARNING * * *
You feel extremely sick.
The orc wizard mumbles some strange words.
The orc wizard flickers and vanishes!
Deactivating autopickup; reactivate with Ctrl-A.
It was a potion of enlightenment.
You feel very buoyant.
You fly up into the air.
* * * LOW HITPOINT WARNING * * *
You feel extremely sick.
You are confused.
You feel invigorated.
* * * LOW HITPOINT WARNING * * *
You feel very sick. Something hits you.
You die...

## .. .# #. .## #. ..
# #. .# #.###.##.#
........)######
#..#{o......
#@#....... #.#..)....
#.######## #.# #.#
#.# ....# #
#.######.....#
##.##............#
.........####.....#.#


You could see an orc wizard.

Vanquished Creatures
  A kobold brigand (D:4)
  A bullfrog (D:4)
  2 scorpions
  A gnoll bouda (Temple)
  A hound (D:4)
  14 gnolls
  12 adders
  2 ufetubi (D:5)
  3 dart slugs
  A ribbon worm (D:2)
  2 orcs
  4 ball pythons
  6 bats
  8 endoplasms
  2 giant cockroaches (D:1)
  4 goblins
  12 hobgoblins
  43 kobolds
  7 quokkas
  4 frilled lizards
  6 rats
136 creatures vanquished.

Notes
Turn   | Place    | Note
-------+----------+-------------------------------------------
     0 | D:1      | Zeldest the Coglin Monk began the quest for the Orb.
     0 | D:1      | Reached XP level 1. HP: 18/18 MP: 1/1
    83 | D:1      | Reached XP level 2. HP: 24/24 MP: 2/2
   791 | D:2      | Reached XP level 3. HP: 26/29 MP: 3/3
   933 | D:2      | Found a faded altar of an unknown god.
   952 | D:2      | Reached skill level 1 in Armour
  1035 | D:2      | Reached XP level 4. HP: 31/35 MP: 4/4
  1643 | D:2      | Reached skill level 4 in Axes
  1774 | D:2      | Reached skill level 1 in Evocations
  1931 | D:3      | Reached XP level 5. HP: 37/41 MP: 5/5
  2301 | D:3      | Found a hazy altar of Hepliaklqana.
  2302 | D:3      | Found a hide-covered altar of Uskayaw.
  2306 | D:3      | Found a stormy altar of Qazlal.
  2655 | D:4      | Found a staircase to the Ecumenical Temple.
  2668 | D:4      | Reached XP level 6. HP: 31/48 MP: 6/6
  2793 | Temple   | Entered the Ecumenical Temple
  2935 | Temple   | Reached skill level 5 in Axes
  3202 | D:4      | Found Riofuag's Armour Emporium.
  3513 | D:4      | Reached XP level 7. HP: 50/54 MP: 7/7
  3905 | D:4      | Reached skill level 6 in Axes
  4153 | D:5      | Entered Level 5 of the Dungeon
  4197 | D:5      | HP: 2/55 [poisoned by an orc wizard]
  4198 | D:5      | Slain by an orc wizard

Illustrated notes

Levels and vault maps discovered:
D:1:      amcnicky_arrival_gap_in_the_tavern_cellar, layout_basic
D:2:      minmay_razor_zed, layout_loops_ring,
          hellmonk_ecumenical_altar_slurped_away, serial_forest,
          infiniplex_forest_clump_tiny, infiniplex_forest_lined_2,
          infiniplex_forest_end_1, infiniplex_forest_straight_4,
          infiniplex_forest_corner_1, infiniplex_forest_straight_2,
          infiniplex_forest_straight_4, minmay_pentomino_t4
D:3:      layout_loops_ring, minitemple
D:4:      minmay_goblin_kobold_castle, layout_layer_cave,
          minmay_temple_entry_gardened_gates, serial_shops,
          nicolae_shop_statue_plus
D:5:      layout_loops_cross
Temple:   nicolae_temple_bog_church

Skill      XL: |  1  2  3  4  5  6  7 |
---------------+----------------------+-----
Dodging        | 3 |  3.0
Armour         | 1 2 3 |  3.0
Axes           | 4 5 6 |  6.0
Evocations     | 1 2 3 |  3.8
Fighting       | 4 |  4.6

Action                     |  1- 3 |  4- 6 |  7- 9 || total
---------------------------+-------+-------+-------++-------
  Melee: Hand axe          |    58 |   149 |    83 ||   290
         Whip              |    18 |   145 |    83 ||   246
         Flail             |       |       |    12 ||    12
         War axe           |       |       |    11 ||    11
    Use: Potion            |       |       |     2 ||     2
   Stab: Sleeping          |     1 |     2 |       ||     3
         Distracted        |     1 |       |       ||     1
 Armour: Robe              |    33 |    75 |    71 ||   179
  Dodge: Dodged            |    44 |   104 |    75 ||   223

Table legend: (Time is in decaauts)
 A = Elapsed time spent in this place.
 B = Non-inter-level travel time spent in this place.
 C = Inter-level travel time spent in this place.
 D = Time resting spent in this place.
 E = Time spent auto-exploring this place.
 F = Levels seen in this place.
 G = Mean time per level.
                   A        B        C        D        E       F      G
               +--------+--------+--------+--------+--------+-----+--------+
         Total |   4214 |   3945 |    269 |    665 |   2447 |   6 |  702.3 |
       Dungeon |   4024 |   3758 |    266 |    520 |   2447 |   5 |  804.8 |
        Temple |    189 |    187 |      2 |    145 |      0 |   1 |  189.0 |
               +--------+--------+--------+--------+--------+-----+--------+

Top non-repeatable levels by time:
     D:4: 1335 daAuts
     D:2: 1154 daAuts
     D:1: 791 daAuts
     D:3: 695 daAuts
  Temple: 189 daAuts
     D:5: 47 daAuts
